 Dungeon Crawl Stone Soup version 0.18.1-50-g88ac8fd (webtiles) character file.

98 Flanowski the Shield-Bearer (level 4, 0/29 HPs)
             Began as a Gargoyle Fighter on Sept 17, 2016.
             Killed by nerve-wracking pain
             ... invoked by an orc priest
              (4 damage)
             ... on level 2 of the Dungeon.
             The game lasted 00:03:03 (1587 turns).

Flanowski the Shield-Bearer (Gargoyle Fighter)      Turns: 1587, Time: 00:03:03

Health: 0/29       AC: 15    Str: 20    XL:     4   Next: 69%
Magic:  4/4        EV:  2    Int:  9    God:
Gold:   64         SH: 14    Dex:  9    Spells: 0 memorised, 3 levels left

rFire  . . .     SeeInvis .     a - +0 flail
rCold  . . .     Gourm    .     h - +0 plate armour
rNeg   + . .     Faith    .     q - +0 large shield
rPois  ∞         Spirit   .     (no helmet)
rElec  +         Dismiss  .     (no cloak)
rCorr  .         Reflect  .     (no gloves)
SustAt .         Harm     .     (no boots)
MR     .....                    (no amulet)
Stlth  ..........               (no ring)
                                (no ring)

@: not resistant to hostile enchantments, extremely unstealthy
A: negative energy resistance 1, electricity resistance, unbreathing,
petrification resistance, rot immunity, AC +3
a: no special abilities


You were on level 2 of the Dungeon.
You were hungry.

You visited 1 branch of the dungeon, and saw 3 of its levels.

You collected 64 gold pieces.

Inventory:

Hand Weapons
 a - a +0 flail (weapon)
Armour
 b - a +0 scale mail
 c - a +0 shield
 h - a +0 plate armour (worn)
 q - a +0 large shield (worn)
Jewellery
 k - an uncursed ring of resist corrosion {unknown}
Scrolls
 e - a scroll of enchant armour {unknown}
 g - 6 scrolls of identify {unknown}
 j - a scroll of teleportation {unknown}
 l - a scroll of magic mapping {unknown}
 o - a scroll of random uselessness {unknown}
Potions
 d - a potion of might
 n - a potion of flight {unknown}
 p - 3 potions of degeneration {unknown}
Comestibles
 f - a bread ration
 i - a slice of pizza


   Skills:
 * Level 3.7 Fighting
 + Level 2.5 Maces & Flails
 + Level 4.1 Armour
 - Level 0.2 Dodging
 * Level 4.3 Shields


You had 3 spell levels left.
You didn't know any spells.

Dungeon Overview and Level Annotations

Branches:
Dungeon (3/15)

Altars:


Innate Abilities, Weirdness & Mutations

You are resistant to torment.
Your stone body is resilient (AC +3).
You are immune to poison.
You resist negative energy.
You are resistant to electric shocks.
You can survive without breathing.
You are immune to petrification.
You are immune to rotting.


Message History

You closely miss the orc priest.
The orc priest is severely wounded.
You block the orc priest's attack.
You closely miss the orc priest.
The orc priest is severely wounded.
You block the orc priest's attack.
Your plate armour prevents you from hitting the orc priest.
The orc priest is severely wounded.
The orc priest hits you but does no damage.
Your shield prevents you from hitting the orc priest.
The orc priest is severely wounded.
You block the orc priest's attack.
The orc priest mumbles some strange prayers to Beogh against you.
Pain shoots through your body!
* * * LOW HITPOINT WARNING * * *
You hit the orc priest but do no damage.
The orc priest is severely wounded.
The orc priest mumbles some strange prayers to Beogh against you.
Pain shoots through your body!
You die...

#....#+#....##...# #.8._.8.######
+....#.#....##...# #..8.8..# #
#...##.#....##...###...8...######
....##.#....##...................
....##.###.......................
.......###'##.................[..
.................................
..............#.)......###.......
#.............#.@......#.........
#...###....##.#o####...#.........
#..........##.....##.............
#...........#.....##........#####
#...........#.....##............#
'.................##......##....'
#...##.####.......##...#####.....
##.###.#.##...##+##......###.....
##'###.#......##<.'..(....##.###.


You could see an orc priest.

Vanquished Creatures
  An orc priest (D:2)
  2 adders (D:2)
  2 worms
  4 dart slugs
  3 giant cockroaches (D:1)
  3 goblins
  6 hobgoblins
  5 bats
  2 giant newts (D:2)
  5 kobolds
  3 rats
36 creatures vanquished.

Notes
Turn   | Place    | Note
--------------------------------------------------------------
     0 | D:1      | Flanowski the Gargoyle Fighter began the quest for the Orb.
     0 | D:1      | Reached XP level 1. HP: 14/14 MP: 1/1
   131 | D:1      | Reached XP level 2. HP: 19/19 MP: 2/2
   549 | D:1      | Reached XP level 3. HP: 21/23 MP: 3/3
   646 | D:2      | Found a faded altar to an unknown god.
   976 | D:2      | Reached XP level 4. HP: 19/28 MP: 4/4
  1587 | D:2      | Killed from afar by an orc priest

Skill      XL: |  1  2  3 |
---------------+----------+-----
Armour         | 4 |  4.1
Shields        | 4 |  4.3
Fighting       | |  3.7
Maces & Flails | |  2.5
Dodging        | |  0.2

Action                   |  1- 3 |  4- 6 || total
-------------------------+-------+-------++-------
Melee: Flail             |   124 |    44 ||   168
  Use: Potion            |       |     1 ||     1
  Eat: Chunk             |       |     2 ||     2
Armor: Scale mail        |     9 |       ||     9
       Plate armour      |    89 |    14 ||   103
Dodge: Dodged            |    18 |     3 ||    21
Block: Shield            |    61 |    16 ||    77
       Large shield      |       |    14 ||    14
